 Dungeon Crawl Stone Soup version 0.20-a0-945-g3bf614a (webtiles) character file.

74 Alarkh the Insei (level 4, -1/33 HPs)
             Began as a Demonspawn Transmuter on Apr 1, 2017.
             Slain by an orc wizard
             ... wielding a +0 dagger
              (7 damage)
             ... on level 3 of the Dungeon.
             The game lasted 00:01:06 (1861 turns).

Alarkh the Insei (Demonspawn Transmuter)            Turns: 1861, Time: 00:01:07

Health: -1/33      AC:  2    Str: 10    XL:     4   Next: 9%
Magic:  6/7        EV: 13    Int: 16    God:
Gold:   136        SH:  0    Dex: 13    Spells: 6/7 levels left

rFire    . . .     SeeInvis .     - Unarmed
rCold    . . .     Gourm    .   (no shield)
rNeg     . . .     Faith    .   b - +0 robe
rPois    .         Spirit   .   (no helmet)
rElec    .         Reflect  .   (no cloak)
rCorr    .         Harm     .   (no gloves)
MR       .....                  (no boots)
Stlth    ..........             (no amulet)
Regen    0.2/turn               n - ring of loudness (curse)
MPRegen  0.1/turn               (no ring)

@: appendage (expiring), slowed, very slow
A: claws 1, horns 2, spiny 1
a: End Transformation


You were on level 3 of the Dungeon.
You were not hungry.
You had grown temporary horns.
You visited 1 branch of the dungeon, and saw 3 of its levels.

You collected 136 gold pieces.

Inventory:

Missiles
 a - 52 arrows
Armour
 b - a +0 robe (worn)
Jewellery
 n - a cursed ring of loudness (left claw)
Wands
 m - a wand of digging (9/24)
Scrolls
 e - 3 scrolls of teleportation {unknown}
 g - a scroll of identify {unknown}
 i - a scroll of noise {unknown}
 j - a scroll of blinking {unknown}
 k - a scroll of enchant weapon {unknown}
 l - a scroll of amnesia {unknown}
Potions
 f - a potion of curing
Books
 c - a book of Changes

   Spells                             Type                      Level
   a - Beastly Appendage              Transmutation                1
   b - Sticks to Snakes               Transmutation                2
   c - Spider Form                    Transmutation/Poison         3
   d - Ice Form                       Ice/Transmutation            4
   e - Blade Hands                    Transmutation                5
Comestibles
 d - a bread ration
 h - a fruit
 o - a chunk of flesh


   Skills:
 + Level 2.1 Fighting
 + Level 2.5 Dodging
 * Level 3.6 Unarmed Combat
 - Level 2.0 Spellcasting
 - Level 1.7 Transmutations


You had 6 spell levels left.
You knew the following spells:

 Your Spells              Type           Power        Failure   Level  Hunger
a - Beastly Appendage     Tmut           #.....       12%         1    #......


Dungeon Overview and Level Annotations

Branches:
Dungeon (3/15)

Altars:


Innate Abilities, Weirdness & Mutations

You have sharp fingernails.
You are partially covered in sharp spines.
You have a pair of horns on your head.


Message History

The orc wizard gestures at you while chanting.
The magic dart hits you! The orc misses you. The orc is struck by your spines.
You kill the orc!
The orc wizard gestures at you while chanting.
You feel as though you will be slow longer.
The orc wizard hits you with a dagger. The orc is struck by your spines.
You kill the orc!
The orc hits you from afar with a trident.
* * * LOW HITPOINT WARNING * * *
The orc wizard is struck by your spines.
The orc wizard misses you.
You feel better. The orc misses you.
The orc wizard is struck by your spines.
The orc wizard hits you with a dagger.
The orc hits you from afar with a trident.
* * * LOW HITPOINT WARNING * * *
You scratch the orc wizard.
The orc wizard is severely wounded.
The orc wizard hits you with a dagger!
You die...

#..# .... #..# #.##.#
#..# #.##.# #..#
#.##.# #.)# #.##.#
#)†# #.##.#
###########o.#
#.##.###........@o..#
#........##########.#
........## .#
####.##.# .# #.##.##
.# ####.#...### .#
.......#...# .#
.#.###...#.# .#.#
##.##.#


You could see an orc wizard and an orc.

Vanquished Creatures
  An orc priest (D:3)
  An adder (D:2)
  A leopard gecko (D:2)
  2 orcs (D:3)
  A ball python (D:2)
  A giant cockroach (D:1)
  4 goblins
  5 hobgoblins
  2 jackals (D:2)
  8 kobolds
  2 bats (D:1)
  A frilled lizard (D:1)
  A rat (D:3)
30 creatures vanquished.

Notes
Turn   | Place    | Note
-------+----------+-------------------------------------------
     0 | D:1      | Alarkh the Demonspawn Transmuter began the quest for the Orb.
     0 | D:1      | Reached XP level 1. HP: 15/15 MP: 3/3
   306 | D:1      | Gained mutation: You have sharp fingernails. [demonic ancestry]
   306 | D:1      | Reached XP level 2. HP: 10/21 MP: 3/5
  1260 | D:2      | Reached skill level 3 in Unarmed Combat
  1280 | D:2      | Gained mutation: You are partially covered in sharp spines. [demonic ancestry]
  1280 | D:2      | Reached XP level 3. HP: 21/27 MP: 6/6
  1856 | D:3      | Reached XP level 4. HP: 17/33 MP: 5/7
  1861 | D:3      | Slain by an orc wizard

Vault maps used:
D:1:      minmay_arrival_radiant_lines
D:2:      kennysheep_generic_room_12
D:3:      uniq_sigmund

Skill      XL: |  1  2 |
---------------+-------+-----
Dodging        | 2 |  2.5
Unarmed Combat | 3 |  3.6
Fighting       | 2 |  2.1
Spellcasting   | |  2.0
Transmutations | |  1.7

Action                   |  1- 3 |  4- 6 || total
-------------------------+-------+-------++-------
Melee: Unarmed           |    91 |     1 ||    92
       Headbutt          |     1 |       ||     1
       Kick              |     1 |       ||     1
 Cast: Beastly Appendage |     6 |       ||     6
  Use: Potion            |     2 |     1 ||     3
  Eat: Chunk             |     3 |       ||     3
Armor: Robe              |    17 |       ||    17
Dodge: Dodged            |    66 |     4 ||    70
